 Dungeon Crawl Stone Soup version 0.30-a0-585-g93115170b9 (webtiles) character file.

Game seed: 2336884945103011286

107 PyroL the Changer (level 4, -1/28 HPs)
             Began as an Octopode Transmuter on Jan 2, 2023.
             Slain by a jelly (3 damage)
             ... on level 4 of the Dungeon.
             The game lasted 00:05:30 (3398 turns).

PyroL the Changer (Octopode Transmuter)             Turns: 3398, Time: 00:05:30

Health: -1/28      AC:  1    Str:  9    XL:     4   Next: 85%
Magic:  5/7        EV: 13    Int: 23    God:
Gold:   224        SH:  0    Dex: 12    Spells: 1/7 levels left

rFire   . . .      SeeInvis .      - Unarmed
rCold   . . .      Faith    .    e - orb {mayhem}
rNeg    . . .      Spirit   .    (helmet restricted)
rPois   .          Reflect  .    (no amulet)
rElec   .          Harm     .    h - +6 ring of intelligence
rCorr   .          Rampage  .    (no ring)
Will    .....                    (no ring)
Stlth   ++                       (no ring)
HPRegen 0.24/turn                (no ring)
MPRegen 0.10/turn                (no ring)
                                 (no ring)
                                 (no ring)

@: lethally poisoned (-1 -> -4)
A: almost no armour, amphibious, 8 rings, camouflage 1, gelatinous body 1,
(nimble swimmer 1), tentacles
a: no special abilities


You were on level 4 of the Dungeon.
You visited 1 branch of the dungeon, and saw 4 of its levels.

You collected 224 gold pieces.

Inventory:

Armour
 e - an orb of mayhem (worn)
Jewellery
 h - a +6 ring of intelligence (left tentacle)
Wands
 s - a wand of digging (3)
Scrolls
 f - a scroll of noise {unknown}
 g - a scroll of butterflies {unknown}
 i - a scroll of identify {unknown}
 n - a scroll of brand weapon {unknown}
 o - a scroll of blinking {unknown}
 p - a scroll of amnesia {unknown}
 q - a scroll of enchant weapon {unknown}
Potions
 a - a potion of lignification
 c - a potion of berserk rage {unknown}
 d - a potion of attraction {unknown}
 j - a potion of brilliance {unknown}
 k - a potion of cancellation
 l - a potion of heal wounds {unknown}
 m - a potion of might {unknown}
 r - a potion of degeneration {unknown}
 t - 2 potions of haste {unknown}


   Skills:
 - Level 1.0 Fighting
 - Level 2.0 Dodging
 - Level 3.0 Unarmed Combat
 - Level 2.0 Spellcasting
 + Level 4.0 Transmutations
 - Level 3.0 Poison Magic


You had one spell level left.
You knew the following spells:

 Your Spells              Type           Power      Damage    Failure   Level
a - Beastly Appendage     Tmut           40%        N/A       2%          1
b - Wereblood             Tmut           20%        N/A       3%          2
c - Spider Form           Tmut/Pois      18%        N/A       9%          3

Your spell library contained the following spells:

 Spells                   Type           Power      Damage    Failure   Level
 Scorch                   Fire           4%         2d5       19%         2
 Ice Form                 Ice/Tmut       11%        N/A       50%         4
 Flame Wave               Conj/Fire      2%         2d4       77%         4
 Summon Cactus Giant      Summ           1%         N/A       100%        6


Dungeon Overview and Level Annotations

Branches:
Dungeon (4/15)
 Temple: D:4-7

Altars:

Shops:
D:2 (   D:3 =

Annotations:
D:3 3 runed translucent doors, HyperVT's ghost, amateur MiBe; Shayle's ghost, amateur TeRe; lunkers's ghost, amateur MeCA


Innate Abilities, Weirdness & Mutations

You cannot wear most types of armour.
You are amphibious.
You can wear up to eight rings at the same time.
Your skin changes colour to match your surroundings (Stealth+).
Your rubbery body absorbs attacks. (AC +1, EV +1)
((You are camouflaged when in or above water. (Stealth+)))
You have tentacles for arms and can constrict up to eight enemies at once.


Message History

The jelly quivers.
The adder misses you. The adder bites you.
You hit the adder.
The adder is poisoned.
The adder is moderately wounded.
The adder bites you.
You barely miss the adder.
The adder is moderately wounded.
The adder misses you.
You barely miss the adder.
The adder is moderately wounded.
The adder bites you.
You are poisoned.
The adder poisons you! The adder completely misses you.
You hit the adder.
The adder is almost dead.
You feel very sick. The adder barely misses you.
You hit the adder.
You kill the adder!
You feel sick. The jelly closely misses you.
Your Transmutations skill increases to level 4!
You completely miss the jelly.
You feel sick. The jelly hits you.
You are splashed with acid!
* * * LOW HITPOINT WARNING * * *
You hit the jelly.
Your front legs burn!
* * * LOW HITPOINT WARNING * * *
The jelly is moderately wounded.
* * * LOW HITPOINT WARNING * * *
You feel sick. The jelly closely misses you.
The jelly attacks as you move away! The jelly closely misses you.
* * * LOW HITPOINT WARNING * * *
You feel sick.
It was a potion of cancellation.
Your magical effects are unravelling.
You feel magically purged.
Your transformation has ended.
Your orb of mayhem unmelds from your body.
* * * LOW HITPOINT WARNING * * *
You feel sick. The jelly hits you.
You die...

#.# #.# #.# #
#...# #.#.#
#...###.#. ....
... #..# #.#
#..###J#.#
###.##..#.@.†.#
..........###.#
#.###<..# .#
#.#.# #
#.#.....#
#.###.### #.#
.# #.# # #.#


You could see a jelly.

Vanquished Creatures
  Terence (D:3)
  2 adders
  A worm (D:3)
  2 dart slugs
  An orc (D:3)
  4 ball pythons (D:1)
  3 endoplasms
  2 giant cockroaches
  6 goblins
  7 hobgoblins
  3 jackals
  2 quokkas
  6 bats
  3 frilled lizards (D:1)
  8 kobolds
  5 rats
56 creatures vanquished.

Notes
Turn   | Place    | Note
-------+----------+-------------------------------------------
     0 | D:1      | PyroL the Octopode Transmuter began the quest for the Orb.
     0 | D:1      | Reached XP level 1. HP: 13/13 MP: 3/3
   104 | D:1      | Reached skill level 1 in Poison Magic
   201 | D:1      | Reached XP level 2. HP: 18/18 MP: 3/5
   231 | D:1      | Learned a level 2 spell: Wereblood
   745 | D:1      | Found a faded altar of an unknown god.
   877 | D:1      | Reached XP level 3. HP: 23/23 MP: 4/6
  1122 | D:2      | Learned a level 3 spell: Spider Form
  1188 | D:2      | Found Vusufuy's Weapon Shoppe.
  1909 | D:2      | Reached skill level 3 in Transmutations
  2479 | D:3      | Noticed Terence
  2491 | D:3      | Killed Terence
  2492 | D:3      | Reached XP level 4. HP: 28/28 MP: 1/7
  2847 | D:3      | Found Fimasucau's Jewellery Shop.
  3180 | D:3      | Found a runed translucent gate.
  3180 | D:3      | Found a runed translucent gate.
  3248 | D:3      | Found a runed translucent gate.
  3342 | D:3      | Noticed Shayle's ghost (amateur TeRe)
  3342 | D:3      | Noticed HyperVT's ghost (amateur MiBe)
  3343 | D:3      | Noticed lunkers's ghost (amateur MeCA)
  3395 | D:4      | Reached skill level 4 in Transmutations
  3398 | D:4      | Slain by a jelly

Illustrated notes

Levels and vault maps discovered:
D:1:      amcnicky_arrival_double_pillar, layout_basic,
          hellmonk_ecumenical_altar_heavens_door
D:2:      minmay_alternating_diamond, layout_loops_corners, serial_shops,
          nicolae_shop_behind_doors, kennysheep_decorative_pillar
D:3:      layout_basic, serial_shops, shop, gammafunk_ghost_cemetery,
          uniq_terence
D:4:      layout_loops_ring, hangedman_ru_absence, portal_sewer_entry_b

Skill      XL: |  1  2  3  4 |
---------------+-------------+-----
Poison Magic   | 1 2 3 |  3.0
Transmutations | 3 4 |  4.0
Fighting       | |  1.0
Dodging        | |  2.0
Unarmed Combat | |  3.0
Spellcasting   | |  2.0

Action                   |  1- 3 |  4- 6 || total
-------------------------+-------+-------++-------
Melee: Unarmed           |   100 |    30 ||   130
       Kick              |    30 |     2 ||    32
       Constrict         |    27 |     6 ||    33
       Tentacles         |     9 |     4 ||    13
       Punch             |     2 |       ||     2
 Cast: Beastly Appendage |    38 |     7 ||    45
       Spider Form       |     1 |     2 ||     3
  Use: Scroll            |       |     1 ||     1
       Potion            |       |     1 ||     1
 Stab: Sleeping          |     8 |     2 ||    10
Armor: Skin              |     3 |     1 ||     4
Dodge: Dodged            |    55 |    22 ||    77

Table legend: (Time is in decaauts)
 A = Elapsed time spent in this place.
 B = Non-inter-level travel time spent in this place.
 C = Inter-level travel time spent in this place.
 D = Time resting spent in this place.
 E = Time spent auto-exploring this place.
 F = Levels seen in this place.
 G = Mean time per level.
                   A        B        C        D        E       F      G
               +--------+--------+--------+--------+--------+-----+--------+
         Total |   3390 |   3325 |     65 |    247 |   2517 |   4 |  847.5 |
       Dungeon |   3390 |   3325 |     65 |    247 |   2517 |   4 |  847.5 |
               +--------+--------+--------+--------+--------+-----+--------+

Top non-repeatable levels by time:
     D:3: 1292 daAuts
     D:1: 1098 daAuts
     D:2: 982 daAuts
     D:4: 16 daAuts
